 Dungeon Crawl Stone Soup version 0.29.0-4-gdea44cf6ec (webtiles) character file.

Game seed: 6606932230221441612

22 qw the Chopper (level 2, 0/17 HPs)
             Began as a Tengu Warper on Aug 28, 2022.
             Succumbed to their own poison gas
             ... on level 1 of the Dungeon.
             The game lasted 00:00:05 (937 turns).

qw the Chopper (Tengu Warper)                        Turns: 937, Time: 00:00:06

Health: 0/17       AC:  8    Str: 11    XL:     2   Next: 91%
Magic:  6/6        EV:  5    Int: 13    God:
Gold:   54         SH:  0    Dex: 13    Spells: 5/5 levels left

rFire   . . .      SeeInvis .   Y - +0 hand axe
rCold   . . .      Faith    .   (no shield)
rNeg    . . .      Spirit   .   f - +0 chain mail
rPois   .          Reflect  .   (helmet restricted)
rElec   .          Harm     .   (no cloak)
rCorr   .          Rampage  .   (no gloves)
Will    .....                   (boots unavailable)
Stlth   ..........              (no amulet)
HPRegen 0.05/turn               (no ring)
MPRegen 0.10/turn               (no ring)

@: lethally poisoned (0 -> -2)
A: beak, talons 3
a: no special abilities


You were on level 1 of the Dungeon.
You visited 1 branch of the dungeon, and saw 1 of its levels.

You collected 54 gold pieces.


Innate Abilities, Weirdness & Mutations

You have a beak for a mouth.
You have claws for feet.


   Skills:
 - Level 2.0 Fighting
 + Level 3.6 Axes
 - Level 1.0 Throwing
 - Level 1.1 Armour
 - Level 2.1 Dodging
 - Level 2.0 Spellcasting
 - Level 2.4 Translocations


You had 5 spell levels left.
You didn't know any spells.
Your spell library contained the following spells:

 Spells                   Type           Power      Damage    Failure   Level
 Blink                    Tloc           14%        N/A       100%        2
 Gell's Gravitas          Tloc           7%         N/A       100%        3
 Lesser Beckoning         Tloc           7%         N/A       100%        3
 Teleport Other           Tloc           7%         N/A       100%        3
 Manifold Assault         Tloc           7%         N/A       100%        5

Inventory:

Hand Weapons
 Y - a +0 hand axe (weapon)
Armour
 f - a +0 chain mail (worn)
Scrolls
 h - a scroll of identify
Potions
 i - a potion of might {unknown}
 j - a potion of heal wounds {unknown}

Dungeon Overview and Level Annotations

Branches:
Dungeon (1/15)

Altars:


Message History

Your butterfly disappears in a burst of colours!
927 ||| DROPPING scroll of blinking.
You drop a scroll of blinking.
Your butterfly is engulfed in poison gas.
Your butterfly is poisoned.
You kill your butterfly!
Your butterfly disappears in a burst of colours!
Your butterfly is engulfed in poison gas.
Your butterfly is poisoned.
You kill your butterfly!
Your butterfly disappears in a burst of colours!
(D) Dungeon
Where to? (* - list waypoints, ? - help)
What level of the Dungeon? (default 1, ? - help) Sorry, I don't know how to get there.
928 ||| Stepping randomly (stuck).
(D) Dungeon
Where to? (* - list waypoints, Enter - D:2, ? - help)
What level of the Dungeon? (default 1, ? - help) Sorry, I don't know how to get there.
929 ||| Stepping randomly (stuck).
Really walk into that cloud of poison gas?
You are engulfed in poison gas.
You are lethally poisoned!
You feel very sick.
930 ||| Stepping ~*~*~tactically~*~*~ (cloud).
You feel very sick.
There is a lethal amount of poison in your body!
You feel sick.
There is a lethal amount of poison in your body!
You feel sick.
There is a lethal amount of poison in your body!
You feel sick.
There is a lethal amount of poison in your body!
You feel sick.
There is a lethal amount of poison in your body!
You feel sick.
There is a lethal amount of poison in your body!
You feel sick.
There is a lethal amount of poison in your body!
You die...

......####.#.....#.........#
..>..8###..................#
#########......###.........###
..<...###....................#
......####.###..##.........#.#
.7.7.8## #........%........#.#
.#.#.#############.........#.#
+#+#'##..# #....?#.#########.#
.........# #.###@#.# #.#
...####### #.# #0#.# #.# ####
#.# #ยค#.# #.# #.# #0#.# #.#
#.# #0#.# #.# #.# #0#.# #.#
#.#####.# #.#### #.......#
#..... #######.# ######


There were no monsters in sight!

Vanquished Creatures
  A dart slug (D:1)
  8 bats (D:1)
  A giant cockroach (D:1)
  3 hobgoblins (D:1)
  3 ball pythons (D:1)
  3 rats (D:1)
19 creatures vanquished.

Notes
Turn   | Place    | Note
-------+----------+-------------------------------------------
     0 | D:1      | qw the Tengu Warper began the quest for the Orb.
     0 | D:1      | Reached XP level 1. HP: 12/12 MP: 4/4
     0 | D:1      | 0 ||| qw: Version: 0.1-a-89-g26bdef1
     0 | D:1      | 0 ||| qw: Game counter: 1516
     0 | D:1      | 0 ||| qw: Always use a shield: true
     0 | D:1      | 0 ||| qw: God list: Okawaru
     0 | D:1      | 0 ||| qw: Allow faded altars: false
     0 | D:1      | 0 ||| qw: Do Orc after D:15 true
     0 | D:1      | 0 ||| qw: Do second Lair branch before Depths: true
     0 | D:1      | 0 ||| qw: Lair rune preference: random
     0 | D:1      | 0 ||| qw: Plans: Normal
     0 | D:1      | 0 ||| PLANNING D:1-11
    36 | D:1      | HP: 3/12 [ball python (1)]
   261 | D:1      | 261 ||| Stepping ~*~*~tactically~*~*~ (stealth).
   297 | D:1      | Reached XP level 2. HP: 15/17 MP: 6/6
   344 | D:1      | Reached skill level 3 in Axes
   548 | D:1      | 548 ||| Stepping ~*~*~tactically~*~*~ (hiding).
   901 | D:1      | 901 ||| UPGRADING to +0 scale mail.
   911 | D:1      | 911 ||| DROPPING +0 leather armour.
   912 | D:1      | 912 ||| UPGRADING to +0 chain mail.
   922 | D:1      | 922 ||| DROPPING +0 scale mail.
   923 | D:1      | 923 ||| READING scroll labelled AKOECKUAJU.
   924 | D:1      | 924 ||| READING scroll labelled ZINIUG CIDWIFA.
   925 | D:1      | 925 ||| READING 2 scrolls labelled OSYOTYIFEBB.
   926 | D:1      | 926 ||| READING scroll labelled ZYOMOGR VAATA.
   927 | D:1      | 927 ||| DROPPING scroll of blinking.
   928 | D:1      | 928 ||| Stepping randomly (stuck).
   929 | D:1      | 929 ||| Stepping randomly (stuck).
   930 | D:1      | 930 ||| Stepping ~*~*~tactically~*~*~ (cloud).
   933 | D:1      | HP: 4/17 [poisoned by you (poison gas)]
   936 | D:1      | HP: 1/17 [poisoned by you (poison gas)]
   937 | D:1      | Succumbed to their own poison gas

Levels and vault maps discovered:
D:1:      spicycebolla_arrival_ecumenical, layout_basic

Skill      XL: |  1  2 |
---------------+-------+-----
Axes           | 3 |  3.6
Fighting       | |  2.0
Throwing       | |  1.0
Armour         | |  1.1
Dodging        | |  2.1
Spellcasting   | |  2.0
Translocations | |  2.4

Action                   || total
-------------------------++-------
Melee: Hand axe          ||    45
       Kick              ||    12
       Peck              ||     7
Throw: Boomerang         ||     7
  Use: Scroll            ||     4
Armor: Leather armour    ||    13
Dodge: Dodged            ||    38

Table legend:
 A = Non-vault XP
 B = Vault XP
 C = Vault XP percentage of total XP
 D = Non-vault monster count
 E = Vault monster count
 F = Vault count percentage of total count
                 A         B        C        D         E       F
            +---------+---------+-------+---------+---------+-------
      Total |      32 |       0 |   0.0 |      19 |       0 |   0.0
            +---------+---------+-------+---------+---------+-------
        D:1 |      32 |       0 |   0.0 |      19 |       0 |   0.0
            +---------+---------+-------+---------+---------+-------
